SNL (28 & UNDER)
KEY WEST BARRACUDAS @ WEST PALM REDS
05/07/2023
 
TOP OF THE 1ST
Key West Barracudas batting - Pitching for West Palm Reds : LHP Octávio Ramírez
Pitching: LHP Octávio Ramírez
Batting: SHB Rodney Birling 0-0: Called Strike
0-1: Ball
1-1: Swinging Strike
1-2: Ball
2-2: Strikes out swinging
Batting: SHB Patrick Larson 0-0: Ball
1-0: Fly out, F8 (Flyball, 8LXD)
Batting: RHB Dave Nelson 0-0: Ground out 5-3 (Groundball, 5)
Top of the 1st over - 0 run(s), 0 hit(s), 0 error(s), 0 left on base; Key West 0 - West Palm 0
BOTTOM OF THE 1ST
West Palm Reds batting - Pitching for Key West Barracudas : LHP Pedro Santana
Pitching: LHP Pedro Santana
Batting: LHB Jeff McKinney 0-0: Called Strike
0-1: Ball
1-1: Ball
2-1: Ball
3-1: Foul Ball, location: 2F
3-2: Strikes out looking
Batting: LHB Jeff Doss 0-0: Called Strike
0-1: Foul Ball, location: 2F
0-2: Strikes out swinging
Batting: SHB Todd Smith 0-0: Swinging Strike
0-1: Ball
1-1: Ball
2-1: Swinging Strike
2-2: Ball
3-2: Strikes out looking
Bottom of the 1st over - 0 run(s), 0 hit(s), 0 error(s), 0 left on base; Key West 0 - West Palm 0
TOP OF THE 2ND
Key West Barracudas batting - Pitching for West Palm Reds : LHP Octávio Ramírez
Batting: RHB Carlos Miranda 0-0: Foul Ball, location: 2F
0-1: Ball
1-1: Ball
2-1: Called Strike
2-2: Ball
3-2: Foul Ball, location: 2F
3-2: Strikes out swinging, 2-3 out at first.
Batting: RHB Luther Stoffels 0-0: Foul Ball, location: 2F
0-1: Foul Ball, location: 2F
0-2: SINGLE (Line Drive, 4)
Batting: RHB Kenny Cole 0-0: Ball
1-0: Ball
2-0: Called Strike
2-1: SINGLE (Line Drive, 89S)
Luther Stoffels to second
Batting: LHB Jake Wells 0-0: Called Strike
Luther Stoffels is caught stealing 3rd base
Kenny Cole to second
0-1: Ball
1-1: Ball
2-1: Foul Ball, location: 2F
2-2: SINGLE (Line Drive, 78S)
Kenny Cole to third
Runner from 3rd tries for Home, SAFE, no throw or cutoff
Batting: RHB Alfredo Pineda 0-0: Foul Ball, location: 2F
0-1: Foul Ball, location: 2F
0-2: Ball
1-2: Strikes out swinging
Top of the 2nd over - 1 run(s), 3 hit(s), 0 error(s), 1 left on base; Key West 1 - West Palm 0
BOTTOM OF THE 2ND
West Palm Reds batting - Pitching for Key West Barracudas : LHP Pedro Santana
Batting: RHB Lorenzo Guzmán 0-0: Ball
1-0: Swinging Strike
1-1: Foul Ball, location: 2F
1-2: Foul Ball, location: 2F
1-2: SINGLE (Line Drive, 34D)
Batting: LHB Enrique Cortéz 0-0: Ball
1-0: Ball
2-0: DOUBLE (Line Drive, 89XD)
Lorenzo Guzmán to third
Batting: RHB Jack Ray 0-0: Ball
1-0: Ball
2-0: Ball
3-0: Called Strike
3-1: Swinging Strike
3-2: Base on Balls
Batting: LHB Millard Dye 0-0: Foul Ball, location: 2F
0-1: Swinging Strike
0-2: Ball
1-2: Strikes out swinging
Batting: LHB Bob Martin 0-0: Ball
Wild Pitch!
Lorenzo Guzmán scores
Enrique Cortéz to third
Jack Ray to second
1-0: Swinging Strike
1-1: Ball
2-1: Ball
3-1: Foul Ball, location: 2F
3-2: Strikes out swinging
Batting: RHB Alejandro Martínez 0-0: Ball
Passed Ball!
Enrique Cortéz scores
Jack Ray to third
1-0: Ball
2-0: Swinging Strike
2-1: Foul Ball, location: 2F
2-2: Foul Ball, location: 2F
2-2: Strikes out swinging
Bottom of the 2nd over - 2 run(s), 2 hit(s), 0 error(s), 1 left on base; Key West 1 - West Palm 2
TOP OF THE 3RD
Key West Barracudas batting - Pitching for West Palm Reds : LHP Octávio Ramírez
Batting: RHB Dan Craft 0-0: Ground out 4-3 (Groundball, 34)
Batting: SHB Rodney Birling 0-0: Ball
1-0: Foul Ball, location: 2F
1-1: Ball
2-1: Ball
3-1: Foul Ball, location: 2F
3-2: Strikes out swinging
Batting: SHB Patrick Larson 0-0: Called Strike
0-1: Ball
1-1: Fly out, F9 (Line Drive, 9S)
Top of the 3rd over - 0 run(s), 0 hit(s), 0 error(s), 0 left on base; Key West 1 - West Palm 2
BOTTOM OF THE 3RD
West Palm Reds batting - Pitching for Key West Barracudas : LHP Pedro Santana
Batting: LHB Jeff McKinney 0-0: Ball
1-0: Called Strike
1-1: Ball
2-1: Ball
3-1: Foul Ball, location: 2F
3-2: Strikes out swinging
Batting: LHB Jeff Doss 0-0: Called Strike
0-1: Ball
1-1: Ball
2-1: SINGLE (Flyball, 8LS)
Batting: SHB Todd Smith 0-0: Called Strike
0-1: Swinging Strike
0-2: Fly out, F7 (Line Drive, 7M)
Batting: RHB Lorenzo Guzmán 0-0: SINGLE (Groundball, 34D) (infield hit)
Jeff Doss to second
Batting: LHB Enrique Cortéz 0-0: Swinging Strike
0-1: Ball
1-1: Swinging Strike
1-2: Foul Ball, location: 2F
1-2: Ball
Wild Pitch!
Jeff Doss to third
Lorenzo Guzmán to second
2-2: Ball
3-2: Strikes out swinging
Bottom of the 3rd over - 0 run(s), 2 hit(s), 0 error(s), 2 left on base; Key West 1 - West Palm 2
TOP OF THE 4TH
Key West Barracudas batting - Pitching for West Palm Reds : LHP Octávio Ramírez
Batting: RHB Dave Nelson 0-0: Foul Ball, location: 2F
0-1: Foul Ball, location: 2F
0-2: Foul Ball, location: 2F
0-2: Ball
1-2: Ball
2-2: Ground out 4-3 (Groundball, 4M)
Batting: RHB Carlos Miranda 0-0: Ball
1-0: Called Strike
1-1: Foul Ball, location: 2F
1-2: Strikes out looking
Batting: RHB Luther Stoffels 0-0: Ball
1-0: Swinging Strike
1-1: Swinging Strike
1-2: Strikes out swinging
Top of the 4th over - 0 run(s), 0 hit(s), 0 error(s), 0 left on base; Key West 1 - West Palm 2
BOTTOM OF THE 4TH
West Palm Reds batting - Pitching for Key West Barracudas : LHP Pedro Santana
Batting: RHB Jack Ray 0-0: Ball
1-0: Called Strike
1-1: Ball
2-1: Ball
3-1: Called Strike
3-2: Foul Ball, location: 2F
3-2: SINGLE (Line Drive, 8LS)
Batting: LHB Millard Dye 0-0: Ball
1-0: Ball
2-0: Ball
3-0: Called Strike
3-1: Base on Balls
Jack Ray to second
Batting: LHB Bob Martin 0-0: Fly out, F7 (Flyball, 78S)
Batting: RHB Alejandro Martínez 0-0: Ball
1-0: Ball
2-0: Foul Ball, location: 2F
2-1: Fly out, F6 (Popup, 6MD)
Batting: LHB Jeff McKinney 0-0: Ball
1-0: Called Strike
1-1: Ball
2-1: Ground out 3-1 (Groundball, 34)
Bottom of the 4th over - 0 run(s), 1 hit(s), 0 error(s), 2 left on base; Key West 1 - West Palm 2
TOP OF THE 5TH
Key West Barracudas batting - Pitching for West Palm Reds : LHP Octávio Ramírez
Batting: RHB Kenny Cole 0-0: Ball
1-0: Foul Ball, location: 2F
1-1: Ball
2-1: Called Strike
2-2: Strikes out swinging
Batting: LHB Jake Wells 0-0: Called Strike
0-1: Foul Ball, location: 2F
0-2: Ball
1-2: Ball
2-2: SINGLE (Line Drive, 7S)
Batting: RHB Alfredo Pineda 0-0: Called Strike
0-1: Foul Ball, location: 2F
0-2: Strikes out swinging
Batting: RHB Dan Craft 0-0: SINGLE (Groundball, 6MD)
Jake Wells to second
Runner from 2nd tries for 3rd, SAFE, throw made to third
Batting: SHB Rodney Birling 0-0: Foul Ball, location: 2F
0-1: Foul Ball, location: 2F
0-2: Foul Ball, location: 2F
0-2: Ball
1-2: Ball
2-2: Strikes out swinging
Top of the 5th over - 0 run(s), 2 hit(s), 0 error(s), 2 left on base; Key West 1 - West Palm 2
BOTTOM OF THE 5TH
West Palm Reds batting - Pitching for Key West Barracudas : LHP Pedro Santana
Batting: LHB Jeff Doss 0-0: Called Strike
0-1: Called Strike
0-2: Strikes out swinging
Batting: SHB Todd Smith 0-0: Swinging Strike
0-1: Ball
1-1: Ball
2-1: Foul Ball, location: 2F
2-2: Foul Ball, location: 2F
2-2: Foul Ball, location: 2F
2-2: SINGLE (Groundball, 4MD)
Pitching: RHP José García
Batting: RHB Lorenzo Guzmán 0-0: Ball
1-0: DOUBLE (Line Drive, 7LD)
Todd Smith to third
Batting: LHB Enrique Cortéz 0-0: Fly out, F7 (Line Drive, 7M)
Batting: RHB Jack Ray 0-0: Ball
1-0: Ball
2-0: SINGLE (Groundball, 34D)
Todd Smith scores
Lorenzo Guzmán to third
Runner from 3rd tries for Home, SAFE, no throw or cutoff
Batting: LHB Millard Dye 0-0: Called Strike
0-1: Foul Ball, location: 2F
0-2: 2-RUN HOME RUN (Flyball, 7LD), Distance : 348 ft
Batting: LHB Bob Martin 0-0: Called Strike
0-1: Ground out 4-3 (Groundball, 4)
Bottom of the 5th over - 4 run(s), 4 hit(s), 0 error(s), 0 left on base; Key West 1 - West Palm 6
TOP OF THE 6TH
Key West Barracudas batting - Pitching for West Palm Reds : LHP Octávio Ramírez
Batting: SHB Patrick Larson 0-0: Ball
1-0: Fly out, F9 (Flyball, 89S)
Batting: RHB Dave Nelson 0-0: Called Strike
0-1: Ball
1-1: Ball
2-1: Foul Ball, location: 2F
2-2: Strikes out looking
Batting: RHB Carlos Miranda 0-0: Swinging Strike
0-1: Called Strike
0-2: Strikes out looking
Top of the 6th over - 0 run(s), 0 hit(s), 0 error(s), 0 left on base; Key West 1 - West Palm 6
BOTTOM OF THE 6TH
West Palm Reds batting - Pitching for Key West Barracudas : RHP José García
Pitching: RHP Carlos Molina
Batting: RHB Alejandro Martínez 0-0: Foul Ball, location: 2F
0-1: Swinging Strike
0-2: Strikes out looking
Batting: LHB Jeff McKinney 0-0: Ball
1-0: Ball
2-0: Ball
3-0: Base on Balls
Batting: LHB Jeff Doss 0-0: Called Strike
0-1: Foul Ball, location: 2F
0-2: Fly out, F5 (Popup, 5F)
Batting: SHB Todd Smith 0-0: Called Strike
0-1: Foul Ball, location: 2F
0-2: Ball
1-2: Ball
2-2: Fielders Choice at 2nd, U4 (Groundball, 4M)
Bottom of the 6th over - 0 run(s), 0 hit(s), 0 error(s), 1 left on base; Key West 1 - West Palm 6
TOP OF THE 7TH
Key West Barracudas batting - Pitching for West Palm Reds : LHP Octávio Ramírez
Batting: RHB Luther Stoffels 0-0: Ball
1-0: Ball
2-0: Called Strike
2-1: Ball
3-1: Base on Balls
Batting: RHB Kenny Cole 0-0: Swinging Strike
0-1: Ball
1-1: Ball
2-1: 2-RUN HOME RUN (Flyball, 89XD), Distance : 435 ft
Batting: LHB Jake Wells 0-0: Called Strike
0-1: Ball
1-1: Ball
2-1: SINGLE (Groundball, 3S) (infield hit)
Pitching: RHP Carlos Gonzáles
Batting: RHB Alfredo Pineda 0-0: Ball
1-0: Called Strike
1-1: Foul Ball, location: 2F
1-2: Ball
2-2: Ball
3-2: Base on Balls
Jake Wells to second
Batting: RHB Dan Craft 0-0: Ball
1-0: Called Strike
1-1: Fly out, F9 (Flyball, 9LM)
Batting: SHB Rodney Birling 0-0: Fielders Choice at 2nd, 6-4 (Groundball, 6)
Jake Wells to third
Batting: SHB Patrick Larson 0-0: Called Strike
0-1: Ball
1-1: Ball
2-1: Fly out, F6 (Popup, 6S)
Top of the 7th over - 2 run(s), 2 hit(s), 0 error(s), 2 left on base; Key West 3 - West Palm 6
BOTTOM OF THE 7TH
West Palm Reds batting - Pitching for Key West Barracudas : RHP Carlos Molina
Batting: RHB Lorenzo Guzmán 0-0: Ball
1-0: Ground out 4-3 (Groundball, 4)
Batting: LHB Enrique Cortéz 0-0: SINGLE (Line Drive, 89M)
Batting: RHB Jack Ray 0-0: Ball
1-0: Ball
2-0: Fly out, F3 (Popup, 34S)
Batting: LHB Millard Dye 0-0: DOUBLE (Line Drive, 8LXD)
Enrique Cortéz to third
Pitching: LHP Lynn White
Batting: LHB Bob Martin 0-0: Ball
1-0: Called Strike
1-1: Ball
2-1: Ball
3-1: Base on Balls
Batting: RHB Alejandro Martínez 0-0: Ball
1-0: DOUBLE (Line Drive, 78M)
Enrique Cortéz scores
Millard Dye scores
Bob Martin to third
Runner from 3rd tries for Home, SAFE, no throw or cutoff
Batting: LHB Jeff McKinney 0-0: Ball
1-0: Ball
2-0: Ball
3-0: Called Strike
3-1: Foul Ball, location: 2F
3-2: SINGLE (Line Drive, 4M)
Alejandro Martínez to third
Alejandro Martínez scores
Pitching: LHP Anastasio Flores
Batting: LHB Jeff Doss 0-0: Ball
1-0: Ball
2-0: Ball
3-0: Swinging Strike
3-1: Foul Ball, location: 2F
3-2: Fly out, F7 (Flyball, 7D)
Bottom of the 7th over - 4 run(s), 4 hit(s), 0 error(s), 1 left on base; Key West 3 - West Palm 10
TOP OF THE 8TH
Key West Barracudas batting - Pitching for West Palm Reds : RHP Carlos Gonzáles
Now at C: Alex Hayes
Batting: RHB Dave Nelson 0-0: Called Strike
0-1: Ball
1-1: Ball
2-1: Swinging Strike
2-2: Strikes out looking
Batting: RHB Carlos Miranda 0-0: Ball
1-0: Foul Ball, location: 2F
1-1: Ball
2-1: Swinging Strike
2-2: Strikes out swinging
Batting: RHB Luther Stoffels 0-0: Called Strike
0-1: Foul Ball, location: 2F
0-2: Ground out 3-1 (Groundball, 34)
Top of the 8th over - 0 run(s), 0 hit(s), 0 error(s), 0 left on base; Key West 3 - West Palm 10
BOTTOM OF THE 8TH
West Palm Reds batting - Pitching for Key West Barracudas : LHP Anastasio Flores
Batting: SHB Todd Smith 0-0: DOUBLE (Flyball, 7LM)
Batting: RHB Lorenzo Guzmán 0-0: Swinging Strike
0-1: Foul Ball, location: 2F
0-2: 2-RUN HOME RUN (Flyball, 8RXD), Distance : 440 ft
Batting: LHB Enrique Cortéz 0-0: Ball
1-0: Ball
2-0: Ball
3-0: Foul Ball, location: 2F
3-1: Swinging Strike
3-2: Strikes out swinging
Batting: RHB Jack Ray 0-0: Ball
1-0: SINGLE (Line Drive, 7S)
Batting: LHB Millard Dye 0-0: Foul Ball, location: 2F
0-1: Fly out, F7 (Flyball, 7M)
Batting: LHB Bob Martin 0-0: Ball
1-0: Ball
2-0: SINGLE (Line Drive, 89S)
Jack Ray to second
Batting: SHB Alex Hayes 0-0: Foul Ball, location: 2F
0-1: Foul Ball, location: 2F
0-2: Fly out, F8 (Flyball, 89XD)
Bottom of the 8th over - 2 run(s), 4 hit(s), 0 error(s), 2 left on base; Key West 3 - West Palm 12
TOP OF THE 9TH
Key West Barracudas batting - Pitching for West Palm Reds : RHP Carlos Gonzáles
Now at 1B: Félix García
Now in CF: Jermaine Carter
Batting: RHB Kenny Cole 0-0: Called Strike
0-1: DOUBLE (Groundball, 5L)
Batting: LHB Jake Wells 0-0: Called Strike
0-1: Foul Ball, location: 2F
0-2: Ball
1-2: Foul Ball, location: 2F
1-2: Ball
2-2: Ball
3-2: Base on Balls
Batting: RHB Alfredo Pineda 0-0: Foul Ball, location: 2F
0-1: Called Strike
0-2: Ball
1-2: Ball
2-2: Foul Ball, location: 2F
2-2: Ball
3-2: Base on Balls
Kenny Cole to third
Jake Wells to second
Pitching: RHP Dave Woods
Batting: RHB Dan Craft 0-0: Ball
1-0: Fielders Choice at 2nd, 6-4 (Groundball, 6M)
Kenny Cole scores
Jake Wells to third
Batting: SHB Rodney Birling 0-0: Grounds into double play, 4-6-3 (Groundball, 34)
Top of the 9th over - 1 run(s), 1 hit(s), 0 error(s), 1 left on base; Key West 4 - West Palm 12
This league is powered by Out of the Park Baseball, the baseball management simulation game for PC, Mac and Linux
Wednesday, December 2nd, 2015 - OOTP Baseball 16.8 Build 38